 Dungeon Crawl Stone Soup version 0.30.1-10-g1249ef9ec4 (webtiles) character file.

Game seed: 1739130997868878342

2827 monsoonserge the Carver (level 9, -8/72 HPs)
             Began as a Merfolk Monk on Oct 26, 2023.
             Was an Initiate of Gozag.
             Mangled by a two-headed ogre
             ... wielding a +0 giant spiked club
              (25 damage)
             ... on level 8 of the Dungeon.
             The game lasted 00:18:21 (7229 turns).

monsoonserge the Carver (Merfolk Monk)              Turns: 7229, Time: 00:18:22

Health: -8/72      AC: 14    Str: 16    XL:     9   Next: 73%
Magic:  9/9        EV: 13    Int:  8    God:    Gozag
Gold:   169        SH:  0    Dex: 19    Spells: 8/8 levels left

rFire   + . .        D - +0 long sword
rCold   . . .        d - orb {light}
rNeg    . . .        C - +1 scale mail {rPois}
rPois   +            (no helmet)
rElec   .            B - scarf {shadows}
rCorr   .            G - +0 pair of gloves
SInv    .            L - +0 pair of boots
Will    .....        (no amulet) Stlth
                     p - +4 ring of protection
HPRegen 0.32/turn    t - ring of protection from fire
MPRegen 0.11/turn

%: no passive effects
@: mighty, lethally poisoned (-8 -> -9), about to teleport, gold aura, glowing
A: (nimble swimmer 2), mertail, mutation resistance 1, strong 1
a: Renounce Religion, Potion Petition, Call Merchant, Bribe Branch


You were on level 8 of the Dungeon.
You worshipped Gozag.
Gozag was aware of your devotion.
You visited 1 branch of the dungeon, and saw 8 of its levels.

You collected 498 gold pieces.
You spent 329 gold pieces at shops.

Inventory:

Hand Weapons
 u - a +1 dagger of speed
 z - a +0 sling of flaming
 D - a +0 long sword (weapon)
Missiles
 r - 3 boomerangs (quivered)
 y - 9 curare-tipped darts
Armour
 d - an orb of light (worn)
 k - +0 fire dragon scales
 B - a scarf of shadows (worn)
 C - a +1 scale mail of poison resistance (worn)
 G - a +0 pair of gloves (worn)
 L - a +0 pair of boots (worn)
Jewellery
 p - a +4 ring of protection (left hand)
 t - a ring of protection from fire (right hand)
Wands
 H - a wand of charming (4)
Scrolls
 e - 4 scrolls of teleportation
 f - 2 scrolls of immolation {unknown}
 m - 3 scrolls of noise {unknown}
 n - a scroll of summoning {unknown}
 o - 5 scrolls of torment {unknown}
 q - 2 scrolls of enchant armour {unknown}
 s - 3 scrolls of fog {unknown}
 v - 4 scrolls of identify {unknown}
 w - 3 scrolls of fear {unknown}
 x - a scroll of vulnerability {unknown}
 A - a scroll of brand weapon {unknown}
 E - 2 scrolls of silence {unknown}
 F - a scroll of magic mapping {unknown}
 J - a scroll of blinking
 K - a scroll of poison
Potions
 a - 2 potions of berserk rage
 b - a potion of lignification
 c - a potion of ambrosia
 g - 2 potions of mutation
 h - a potion of curing
 i - a potion of brilliance
 j - a potion of might
 l - a potion of magic {unknown}
 I - a potion of haste {unknown}


   Skills:
 + Level 7.3 Fighting
 + Level 3.7(7.7) Short Blades
 + Level 10.5(10.8) Long Blades
 + Level 1.6 Throwing
 + Level 4.1 Armour
 + Level 7.0 Dodging


You had 8 spell levels left.
You didn't know any spells.
Your spell library contained the following spells:

 Spells                   Type           Power      Damage    Failure   Level
 Foxfire                  Conj/Fire      0%         2x1d4     83%         1
 Sandblast                Erth           0%         2d4       83%         1
 Cigotuvi's Dreadful Rot  Necr/Pois/Air  0%         N/A       92%         2
 Passwall                 Tmut/Erth      0%         N/A       92%         2
 Sublimation of Blood     Necr           0%         N/A       92%         2
 Inner Flame              Hex/Fire       0%         N/A       99%         3
 Stone Arrow              Conj/Erth      0%         3d7       99%         3
 Dispel Undead            Necr           0%         3d6       100%        4
 Flame Wave               Conj/Fire      0%         2d4       100%        4
 Petrify                  Tmut/Erth      0%         N/A       100%        4
 Sticky Flame             Conj/Fire      0%         2d3       100%        4
 Fireball                 Conj/Fire      0%         3d3       100%        5
 Irradiate                Conj/Tmut      0%         3d11      100%        5
 Yara's Violent Unravell  Hex/Tmut       0%         3d3       100%        5
 Conjure Ball Lightning   Conj/Air       0%         3x3d6     100%        6
 Death Channel            Necr           0%         N/A       100%        6
 Plasma Beam              Fire/Air       0%         2x1d11    100%        6
 Starburst                Conj/Fire      0%         6d3       100%        6
 Enfeeble                 Hex            0%         N/A       100%        7
 Discord                  Hex            0%         N/A       100%        8
 Disjunction              Tloc           0%         N/A       100%        8


Dungeon Overview and Level Annotations

Branches:
Dungeon (8/15)             Temple (0/1) D:6
   Lair: D:8-11

Altars:
Fedhas
Gozag

Shops:
D:3 *   D:6 *


Innate Abilities, Weirdness & Mutations

((You are very nimble when in or above water. (Stealth+, EV+, Speed+++)))
Your lower body shifts to a powerful aquatic tail in water.
You are somewhat resistant to further mutation.
Your muscles are strong. (Str +4, Int/Dex -1)


Message History

You feel sick.
The orc wizard shouts!
You hear a shout!
You hear an angry hiss.
You hear a shout!
The killer bee misses you.
The killer bee stings you but does no damage.
A two-headed ogre comes into view. It is wielding two +0 giant clubs.
A two-headed ogre comes into view.
It is wielding two +0 giant spiked clubs.
The killer bee stings you but does no damage.
The killer bee closely misses you.
You miss the killer bee.
The killer bee is heavily wounded.
You feel sick.
The killer bee stings you but does no damage.
The killer bee barely misses you. The two-headed ogre closely misses you.
The two-headed ogre hits you but does no damage.
Unknown command.
You slash the killer bee!
You kill the killer bee!
You feel sick. The killer bee stings you. x2
Unknown command.
You slash the two-headed ogre!
The two-headed ogre is lightly wounded.
You feel sick.
The killer bee stings you but does no damage.
The two-headed ogre hits you with a +0 giant club!
The two-headed ogre hits you with a +0 dire flail.
Unknown command.
As you read the scroll labelled WYVOYTETAITH, it crumbles to dust.
You feel strangely unstable.
It was a scroll of teleportation.
You feel sick.
A steam dragon comes into view.
The two-headed ogre hits you with a +0 giant club!
* * * LOW HITPOINT WARNING * * *
The two-headed ogre hits you but does no damage.
Okay, then.
You slash the two-headed ogre!
The two-headed ogre is heavily wounded.
The orc wizard closely misses you. The two-headed ogre closely misses you.
The two-headed ogre hits you with a +0 giant spiked club!!
You die...
Your body crumbles into a pile of gold.

. .. ... ....
$ ###..##.
#@OF...#
D....oO#9....
......yO .(#(
......##. (..
.##[.. #( .8
##.# .( ( ##
.)


You could see 3 two-headed ogres, a steam dragon, a gargoyle, a bullfrog, a
killer bee and an orc wizard.

Vanquished Creatures
  Prince Ribbit (D:5)
  A hornet (D:7)
  3 water moccasins
  An ice beast (D:4)
  An ogre (D:5)
  Blork the orc (D:4)
  3 phantoms
  A bullfrog (D:6)
  4 scorpions
  4 wights (D:7)
  A killer bee (D:8)
  7 orc priests
  3 hounds
  2 jellies
  A gnoll bouda (D:6)
  6 iguanas
  4 sleepcaps
  Natasha (thrice) (D:4)
  4 orc wizards
  Ijyb (D:4)
  3 gnolls (D:6)
  8 adders
  3 shadow imps
  A white imp (D:5)
  2 ufetubi
  4 worms
  28 orcs
  10 ball pythons
  3 bats
  4 endoplasms
  3 giant cockroaches
  6 goblins
  5 hobgoblins
  7 jackals
  9 kobolds
  6 quokkas
  4 frilled lizards
  12 rats
170 creatures vanquished.

Notes
Turn   | Place    | Note
-------+----------+-------------------------------------------
     0 | D:1      | monsoonserge the Merfolk Monk began the quest for the Orb.
     0 | D:1      | Reached XP level 1. HP: 18/18 MP: 1/1
   277 | D:1      | Reached XP level 2. HP: 20/24 MP: 2/2
   311 | D:1      | Reached skill level 4 in Long Blades
   674 | D:1      | Reached XP level 3. HP: 25/30 MP: 3/3
  1363 | D:2      | Reached XP level 4. HP: 33/37 MP: 4/4
  2270 | D:3      | Reached skill level 1 in Short Blades
  2313 | D:3      | Found Cato's General Store.
  2390 | D:3      | Identified the +4 mace of Charmed Duty {flame, rElec Str+5}
  2534 | D:3      | Bought a potion of might for 48 gold pieces
  2554 | D:4      | Noticed Blork the orc
  2554 | D:4      | Noticed Natasha
  2580 | D:4      | Noticed Ijyb
  2599 | D:4      | Killed Ijyb
  2600 | D:4      | Reached skill level 5 in Dodging
  2600 | D:4      | Reached XP level 5. HP: 11/42 MP: 5/5
  2820 | D:4      | Killed Blork the orc
  2821 | D:4      | Reached skill level 1 in Armour
  3022 | D:4      | Identified the +4 mace of the Transmuting Rat {speed,
                  | rPois}
  3043 | D:4      | Reached XP level 6. HP: 27/47 MP: 6/6
  3052 | D:4      | Found a blossoming altar of Fedhas.
  3498 | D:5      | Entered Level 5 of the Dungeon
  3595 | D:5      | Reached skill level 5 in Long Blades
  3749 | D:5      | Reached XP level 7. HP: 55/55 MP: 7/7
  3895 | D:5      | Gained mutation: You are somewhat resistant to further
                  | mutation. [potion of mutation]
  3895 | D:5      | Gained mutation: Your muscles are strong. (Str +4, Int/Dex
                  | -1) [potion of mutation]
  3898 | D:5      | HP: 2/55 [water moccasin (8)]
  3906 | D:5      | Reached skill level 5 in Fighting
  4112 | D:5      | Found an opulent altar of Gozag.
  4230 | D:5      | Reached skill level 6 in Long Blades
  4276 | D:5      | Noticed Prince Ribbit
  4288 | D:5      | Killed Prince Ribbit
  4289 | D:5      | Reached XP level 8. HP: 29/62 MP: 8/8
  4356 | D:4      | Reached skill level 7 in Long Blades
  4465 | D:4      | Killed Natasha
  4542 | D:4      | Noticed Natasha
  4548 | D:4      | Killed Natasha
  4600 | D:5      | Reached skill level 1 in Throwing
  4781 | D:5      | Reached skill level 8 in Long Blades
  5191 | D:4      | Noticed Natasha
  5197 | D:4      | Killed Natasha
  5214 | D:5      | Became a worshipper of Gozag Ym Sagoz the Greedy
  5267 | D:3      | Bought 2 potions of berserk rage for 120 gold pieces
  5324 | D:6      | Reached XP level 9. HP: 66/71 MP: 9/9
  5328 | D:6      | Reached skill level 9 in Long Blades
  5527 | D:6      | Found Utziffap's General Store.
  5962 | D:6      | Found a staircase to the Ecumenical Temple.
  6538 | D:7      | Reached skill level 10 in Long Blades
  6562 | D:7      | Noticed a hornet
  6573 | D:7      | Paralysed by a hornet for 2 turns
  6579 | D:7      | Killed a hornet
  6992 | D:6      | Bought a scroll of blinking for 105 gold pieces
  6992 | D:6      | Bought a scroll of poison for 56 gold pieces
  7221 | D:8      | Noticed a two-headed ogre
  7221 | D:8      | Found the +6 shillelagh "Devastator" {shatter}
  7223 | D:8      | Noticed a gargoyle
  7224 | D:8      | Noticed a two-headed ogre
  7224 | D:8      | Noticed a two-headed ogre
  7229 | D:8      | Mangled by a two-headed ogre

Illustrated notes

Levels and vault maps discovered:
D:1:      onia_arrival_handbag, layout_basic, grunt_decor_clamped, minmay_tall_x
D:2:      layout_loops_ring, grunt_decor_fettered,
          minmay_fractal_squares_gapless_5
D:3:      layout_loops_cross, serial_shops, shop, solitary_fountain,
          serial_bayou_ford_a
D:4:      layout_cave_pools, mainiacjoe_overflow_24_doors, uniq_ijyb,
          uniq_blork_the_orc, uniq_natasha
D:5:      minmay_chambers_of_threes, layout_rooms, nicolae_gozag_seed_capital,
          uniq_prince_ribbit1
D:6:      layout_loops_ring, minmay_temple_entry_antechambers, serial_shops,
          shop, serial_co_window_serial, co_window_paths_b, co_window_paths_b,
          co_window_of_opportunity_a, co_window_corner_a, co_window_paths_a,
          co_window_corner_b, co_window_2corner, co_window_corner_ca,
          co_window_broadway_a, glass_columns_a, minmay_misc_feat_tower,
          grunt_ministairs_3, chequers_serial_rivers_room_a, minmay_bent
D:7:      layout_basic, hangedman_abyss_or_decor_stabs
D:8:      minmay_the_grid_four_pointed_star
          [minmay_the_grid_triangle_9x9_flanged_cone,
          minmay_the_grid_triangle_9x9_wacky_v,
          minmay_the_grid_triangle_9x9_intruding_spiral,
          minmay_the_grid_triangle_9x9_corruption,
          minmay_the_grid_prize_four_corners], layout_cave_pools,
          enter_ossuary_2, dilly_guarded_unrand_devastator

Skill      XL: |  1  2  3  4  5  6  7  8  9 |
---------------+----------------------------+-----
Long Blades    | 4 5 6 8 10 | 10.5
Fighting       | 4 5 6 7 |  7.3
Short Blades   | 1 3 |  3.7
Dodging        | 5 6 7 |  7.0
Armour         | 1 2 3 4 |  4.1
Throwing       | 1 |  1.6

Action                     |  1- 3 |  4- 6 |  7- 9 || total
---------------------------+-------+-------+-------++-------
  Melee: Falchion          |    91 |     2 |       ||    93
         Dagger            |       |   241 |       ||   241
         Long sword        |       |    10 |   339 ||   349
  Throw: Boomerang         |       |     1 |    12 ||    13
         Dart              |       |       |     1 ||     1
    Use: Potion            |       |       |     6 ||     6
         Scroll            |       |       |     1 ||     1
   Stab: Distracted        |       |       |     1 ||     1
 Armour: Robe              |    12 |       |       ||    12
         Leather armour    |    21 |    15 |       ||    36
         Ring mail         |       |    24 |    46 ||    70
         Skin              |       |       |     5 ||     5
         Scale mail        |       |       |    81 ||    81
  Dodge: Dodged            |    67 |    74 |   209 ||   350
